 Dungeon Crawl Stone Soup version 0.27-a0-1590-g15f69828bf (webtiles) character file.

Game seed: 11175545985572043013

1904 Zonian the Conjurer (level 9, -7/43 HPs)
             Began as a Vine Stalker Conjurer on July 18, 2021.
             Was an Initiate of Dithmenos.
             Mangled by Edmund (12 damage)
             ... on level 5 of the Dungeon.
             The game lasted 00:15:02 (10626 turns).

Zonian the Conjurer (Vine Stalker Conjurer)        Turns: 10626, Time: 00:15:03

Health: -7/43      AC:  2    Str:  9    XL:     9   Next: 15%
Magic:  0/18       EV: 14    Int: 20    God:    Dithmenos [......]
Gold:   120        SH:  0    Dex: 22    Spells: 13/19 levels left

rFire    . . .     SeeInvis +   b - +0 dagger (vamp)
rCold    . . .     Faith    .   (no shield)
rNeg     . . .     Spirit   +   a - +0 robe
rPois    .         Reflect  .   (no helmet)
rElec    .         Harm     .   (no cloak)
rCorr    .         Rampage  .   (no gloves)
Will     +....                  (no boots)
Stlth    ++++......             (no amulet)
HPRegen  1.14/turn              m - ring "Xizejefe" {Int+2 Dex+5 SInv}
MPRegen  0.16/turn              (no ring)

@: no status effects
A: fangs 3, regeneration 1, magic shield, antimagic bite, no potion heal 2
a: Renounce Religion


You were on level 5 of the Dungeon.
You worshipped Dithmenos.
Dithmenos was noncommittal.
You visited 1 branch of the dungeon, and saw 5 of its levels.

You collected 120 gold pieces.

Inventory:

Hand Weapons
 b - a +0 vampiric dagger (weapon)
 e - a +0 rapier
Armour
 a - a +0 robe (worn)
 d - a +2 cloak
 k - a +1 cloak
Magical Staves
 f - a staff of death
Jewellery
 m - the ring "Xizejefe" (left hand) {Int+2 Dex+5 SInv}
   (You acquired it on level 5 of the Dungeon)

   [ring of see invisible]

   Int:       It affects your intelligence (+2).
   Dex:       It affects your dexterity (+5).
   SInv:      It lets you see invisible.
Scrolls
 l - a scroll of teleportation
 n - 2 scrolls of brand weapon
Potions
 c - a potion of cancellation
 g - a potion of might
 h - 3 potions of mutation
 i - a potion of degeneration {unknown}


   Skills:
 + Level 2.9 Fighting
 + Level 2.9 Short Blades
 + Level 4.1 Dodging
 + Level 5.8 Stealth
 + Level 5.7 Spellcasting
 + Level 7.1 Conjurations
 + Level 0.1 Hexes
 + Level 2.5 Invocations


You had 13 spell levels left.
You knew the following spells:

 Your Spells              Type           Power      Damage    Failure   Level
a - Magic Dart            Conj           100%       1d8       1%          1
b - Searing Ray           Conj           68%        3d5       1%          2
c - Dazzling Flash        Conj/Hex       40%        N/A       7%          3

Your spell library contained the following spells:

 Spells                   Type           Power      Damage    Failure   Level
 Static Discharge         Conj/Air       20%        N/A       3%          2
 Fulminant Prism          Conj/Hex       10%        3d9       24%         4
 Iskenderun's Mystic Bla  Conj/Tloc      20%        2d6       24%         4
 Gell's Gravitas          Tloc           2%         N/A       32%         3
 Lesser Beckoning         Tloc           2%         N/A       32%         3
 Teleport Other           Tloc           5%         N/A       32%         3
 Lightning Bolt           Conj/Air       10%        1d23      56%         5
 Maxwell's Capacitive Co  Air            2%         ∞         100%        8


Dungeon Overview and Level Annotations

Branches:
Dungeon (5/15)
 Temple: D:4-7

Altars:
Dithmenos
Kikubaaqudgha
Vehumet
Wu Jian
Xom

Shops:
D:2 **?

Annotations:
D:5 Duvessa, Edmund


Innate Abilities, Weirdness & Mutations

You have razor-sharp teeth.
Your natural rate of healing is unusually fast.
When hurt, damage is shared between your health and your magic reserves.
Your bite disrupts and absorbs the magic of your enemies.
Potions cannot restore your health.


Message History

Casting: Magic Dart (safe; 1% risk of failure)
Confirm with . or Enter, or press ? or * to list all spells.
Aiming: Searing Ray (safe; 1% risk of failure)
Press: ? - help, Shift-Dir - straight line, f - Edmund
Aim: Edmund, wielding a +4 vorpal flail and wearing a +0 ring mail (wandering, hasn't noticed you, 83% to hit)
The searing ray hits Edmund.
Edmund is lightly wounded. (Press . to maintain the ray.) Edmund hits you with a +4 vorpal flail!
The searing ray hits Edmund.
Edmund is moderately wounded.
Edmund hits you with a +4 vorpal flail.
Unknown command.
The searing ray misses Edmund.
Edmund misses you.
Unknown command.
The searing ray hits Edmund.
Edmund is moderately wounded.
You finish channeling your searing ray.
Edmund closely misses you.
Unknown command.
Casting: Searing Ray (safe; 1% risk of failure)
Confirm with . or Enter, or press ? or * to list all spells.
Aiming: Searing Ray (safe; 1% risk of failure)
Press: ? - help, Shift-Dir - straight line, f/p - Edmund
Aim: Edmund, wielding a +4 vorpal flail and wearing a +0 ring mail (moderately wounded, 83% to hit)
The searing ray misses Edmund. (Press . to maintain the ray.) Edmund hits you with a +4 vorpal flail.
The searing ray hits Edmund!
Edmund is heavily wounded.
Edmund hits you with a +4 vorpal flail!
Unknown command.
The searing ray hits Edmund.
Edmund is heavily wounded.
Edmund hits you with a +4 vorpal flail!
* * * LOW HITPOINT WARNING * * *
x2 Unknown command.
You barely miss Edmund. Your bite misses Edmund.
Edmund is heavily wounded.
Edmund hits you with a +4 vorpal flail!
You die...

#..# #.....# #...#
##.# #.....# #.#.# #.#
#.....###..## #.##
#.....##8..8## #..#
#######...>..#
##.#########..@.....#
##.##........##8..8##
##.S.#[#####..###..##
##.#.#..##...@@.<..).#
#.##@##.##.##..#.#...#
#.##.<...[[).........#
#.#####.#####.##...[.#
##.###.## #.#####.##
##...## #. .# ##### ##
##


You could see Edmund.

Vanquished Creatures
  Prince Ribbit (D:5)
  Eustachio (D:5)
  Menkaure (D:4)
  4 black bears
  A necrophage (D:5)
  2 ogres
  Blork the orc (D:4)
  A scorpion (D:5)
  A water moccasin skeleton (D:5)
  2 crimson imps (D:5)
  A centaur zombie (D:5)
  2 bullfrog zombies (D:5)
  4 hounds (D:5)
  2 orc priests
  A centaur skeleton (D:5)
  A gnoll shaman (D:4)
  2 iguanas
  2 orc wizards
  2 hound skeletons (D:5)
  4 gnolls (D:4)
  3 adders
  A white imp (D:5)
  An ufetubus (D:4)
  A worm (D:2)
  3 dart slugs
  13 orcs
  3 bats (D:1)
  6 endoplasms
  A giant cockroach (D:4)
  6 goblins
  7 hobgoblins
  3 jackals (D:1)
  5 quokkas
  7 ball pythons
  5 frilled lizards
  3 kobolds (D:1)
  13 rats
117 creatures vanquished.

Vanquished Creatures (collateral kills)
  A bat (D:3)
1 creature vanquished.

Grand Total: 118 creatures vanquished

Notes
Turn   | Place    | Note
-------+----------+-------------------------------------------
     0 | D:1      | Zonian the Vine Stalker Conjurer began the quest for the
                  | Orb.
     0 | D:1      | Reached XP level 1. HP: 9/9 MP: 4/4
   198 | D:1      | Reached XP level 2. HP: 13/13 MP: 3/6
   201 | D:1      | Learned a level 2 spell: Searing Ray
   930 | D:1      | Reached XP level 3. HP: 16/16 MP: 2/7
  1791 | D:2      | Reached skill level 5 in Conjurations
  2114 | D:2      | Gained mutation: Your natural rate of healing is unusually
                  | fast. [Vine Stalker growth]
  2114 | D:2      | Reached XP level 4. HP: 21/21 MP: 2/8
  2185 | D:2      | Found Yfailoev's Magic Scroll Boutique.
  2329 | D:2      | Found Pedd's General Store.
  2427 | D:2      | You fall into a shaft and drop 1 floor!
  2438 | D:3      | Noticed a black bear
  2454 | D:3      | Killed a black bear
  2455 | D:3      | Reached XP level 5. HP: 10/24 MP: 1/10
  3506 | D:3      | Found an ornate altar of the Wu Jian Council.
  3753 | D:2      | Found Cif Abu's General Store.
  4812 | D:4      | Noticed a black bear
  4814 | D:4      | Noticed an ogre
  5008 | D:4      | Reached XP level 6. HP: 17/29 MP: 4/12
  5276 | D:4      | Killed a black bear
  5457 | D:4      | Found a radiant altar of Vehumet.
  5464 | D:4      | Found an ancient bone altar of Kikubaaqudgha.
  5483 | D:4      | Noticed Blork the orc
  5536 | D:4      | Reached skill level 6 in Conjurations
  6098 | D:4      | Reached skill level 1 in Fighting
  6098 | D:4      | Reached skill level 1 in Short Blades
  6098 | D:4      | Reached XP level 7. HP: 15/33 MP: 2/14
  6509 | D:4      | Killed Blork the orc
  6720 | D:4      | Noticed Menkaure
  6724 | D:4      | Killed Menkaure
  6767 | D:4      | Found a shadowy altar of Dithmenos.
  6786 | D:4      | Became a worshipper of Dithmenos the Shadowed
  7149 | D:5      | Entered Level 5 of the Dungeon
  7149 | D:5      | Noticed Eustachio
  7155 | D:5      | Killed Eustachio
  7222 | D:5      | Gained mutation: You have razor-sharp teeth. [Vine Stalker
                  | growth]
  7222 | D:5      | Reached XP level 8. HP: 37/37 MP: 6/16
  7565 | D:5      | Noticed Edmund
  7636 | D:5      | Reached skill level 5 in Spellcasting
  7885 | D:5      | Reached skill level 1 in Invocations
  8291 | D:5      | Reached skill level 5 in Stealth
  8303 | D:5      | Noticed Prince Ribbit
  8899 | D:5      | Killed Prince Ribbit
  9221 | D:5      | Reached skill level 7 in Conjurations
  9465 | D:5      | Reached XP level 9. HP: 35/43 MP: 9/18
 10017 | D:5      | Noticed Duvessa
 10051 | D:5      | Identified a scroll of acquirement
 10051 | D:5      | Acquired the ring "Xizejefe" {Int+2 Dex+5 SInv}
 10058 | D:5      | Learned a level 3 spell: Dazzling Flash
 10144 | D:5      | Found a shimmering altar of Xom.
 10626 | D:5      | Mangled by Edmund

Illustrated notes

Levels and vault maps discovered:
D:1:      dpeg_arrival_ratfight, layout_basic
D:2:      layout_basic, serial_shops, nicolae_lakefront_shop, shop, shop
D:3:      layout_loops_ring, nicolae_wu_jian_glorious_leap,
          kennysheep_generic_room_16
D:4:      layout_rooms, grunt_temple_overflow_open,
          nicolae_dithmenos_shadow_blocks, uniq_blork_the_orc, uniq_menkaure
D:5:      layout_loops_cross, led_xom_imps, st_stairs_6, minmay_bent,
          uniq_duvessa, uniq_edmund, uniq_prince_ribbit1, uniq_eustachio

Skill      XL: |  1  2  3  4  5  6  7  8  9 |
---------------+----------------------------+-----
Conjurations   | 5 6 7 |  7.1
Stealth        | 3 4 5 |  5.8
Spellcasting   | 3 4 5 |  5.7
Dodging        | 2 3 4 |  4.1
Fighting       | 1 2 |  2.9
Short Blades   | 1 2 |  2.9
Invocations    | 2 |  2.5
Hexes          | |  0.1

Action                   |  1- 3 |  4- 6 |  7- 9 || total
-------------------------+-------+-------+-------++-------
Melee: Dagger            |    25 |    39 |   126 ||   190
       Bite              |     4 |    12 |    54 ||    70
 Cast: Magic Dart        |    83 |    73 |   114 ||   270
       Searing Ray       |       |     7 |    17 ||    24
  Use: Scroll            |       |     4 |     7 ||    11
       Potion            |       |       |     1 ||     1
 Stab: Sleeping          |     2 |       |     1 ||     3
       Distracted        |       |     1 |       ||     1
Armor: Robe              |     6 |    18 |    24 ||    48
Dodge: Dodged            |    13 |    48 |   110 ||   171

Table legend: (Time is in decaauts)
 A = Elapsed time spent in this place.
 B = Non-inter-level travel time spent in this place.
 C = Inter-level travel time spent in this place.
 D = Time resting spent in this place.
 E = Time spent auto-exploring this place.
 F = Levels seen in this place.
 G = Mean time per level.
                   A        B        C        D        E       F      G
               +--------+--------+--------+--------+--------+-----+--------+
         Total |  10615 |  10383 |    232 |   5663 |   3334 |   5 | 2123.0 |
       Dungeon |  10615 |  10383 |    232 |   5663 |   3334 |   5 | 2123.0 |
               +--------+--------+--------+--------+--------+-----+--------+

Top non-repeatable levels by time:
     D:5: 3259 daAuts
     D:4: 2865 daAuts
     D:3: 1741 daAuts
     D:1: 1702 daAuts
     D:2: 1047 daAuts
